 Dungeon Crawl Stone Soup version 0.27-a0-686-gaed091b46b (webtiles) character file.

Game seed: 3514741435235015999

0 jasper the Sneak (level 1, -3/18 HPs)
             Began as a Demonspawn Delver on Mar 21, 2021.
             Slain by a phantom (8 damage)
             ... on level 4 of the Dungeon.
             The game lasted 00:01:22 (258 turns).

jasper the Sneak (Demonspawn Delver)                 Turns: 258, Time: 00:01:22

Health: -3/18      AC:  3    Str: 12    XL:     1   Next: 8%
Magic:  1/1        EV: 11    Int: 11    God:
Gold:   17         SH:  0    Dex: 14    Spells: 0/0 levels left

rFire    . . .     SeeInvis .   a - +1 hand axe
rCold    . . .     Faith    .   (no shield)
rNeg     . . .     Spirit   .   b - +0 leather armour
rPois    .         Reflect  .   (no helmet)
rElec    .         Harm     .   (no cloak)
rCorr    .         Rampage  .   (no gloves)
Will     .....                  (no boots)
Stlth    ++........             (no amulet)
HPRegen  0.06/turn              (no ring)
MPRegen  0.07/turn              (no ring)

@: no status effects
A: no striking features
a: no special abilities


You were on level 4 of the Dungeon.
You visited 1 branch of the dungeon, and saw 2 of its levels.

You collected 17 gold pieces.

Inventory:

Hand Weapons
 a - a +1 hand axe (weapon)
Missiles
 e - 40 stones
 h - 15 poisoned darts (quivered)
Armour
 b - a +0 leather armour (worn)
Wands
 g - a wand of digging (2)
Scrolls
 c - a scroll of fog
 d - a scroll of magic mapping


   Skills:
 - Level 3.0 Fighting
 + Level 1.8 Axes
 - Level 1.7 Dodging
 - Level 4.5 Stealth


You couldn't memorise any spells.
You didn't know any spells.
Your spell library was empty.

Dungeon Overview and Level Annotations

Branches:
Dungeon (5/15)
 Temple: D:4-7

Altars:


Message History

Aiming: Dig
Press: ? - help, Shift-Dir - straight line A rock wall.
The rock shatters into small pieces.
A scorpion comes into view.
Found a stone staircase leading up.
Your extra speed is starting to run out.
The scorpion stings you.
You take 3 damage, and have 15/18 hp.
There is a stone staircase leading up here.
The phantom hits you!
Ouch! That really hurt!
You climb upwards.
There is a stone staircase leading down here.
You take 9 damage, and have 6/18 hp.
MASSIVE DAMAGE!!
You barely miss the phantom.
You feel yourself slow down. The phantom hits you.
* * * LOW HITPOINT WARNING * * *
The phantom blinks!
You blink.
You take 1 damage, and have 5/18 hp.
You slash the phantom!
The phantom is moderately damaged.
The phantom misses you.
You hit the phantom but do no damage.
The phantom is moderately damaged.
The phantom barely misses you.
You closely miss the phantom.
The phantom is moderately damaged.
The phantom barely misses you.
You aren't carrying any potions.
Unknown command.
Okay, then.
You hit the phantom.
The phantom is moderately damaged.
The phantom hits you but does no damage. x2
You closely miss the phantom.
The phantom is moderately damaged.
The phantom hits you!
You die... ####### +.W@.># #######

You could see a phantom.

Vanquished Creatures
  A jackal zombie (D:5)
1 creature vanquished.

Notes
Turn   | Place    | Note
-------+----------+-------------------------------------------
     0 | D:5      | jasper the Demonspawn Delver began the quest for the Orb.
     0 | D:5      | Reached XP level 1. HP: 18/18 MP: 1/1
     8 | D:4      | Noticed a killer bee
     8 | D:4      | Noticed a killer bee
     8 | D:4      | Noticed a killer bee
     8 | D:4      | Noticed an orc priest
    18 | D:5      | Noticed an ogre
    34 | D:5      | Noticed an orc priest
   191 | D:5      | Noticed a phantom
   239 | D:5      | Noticed a scorpion
   258 | D:4      | Slain by a phantom

Illustrated notes

Levels and vault maps discovered:
D:4:      lemuel_upstairs_altar, layout_rooms, minmay_temple_entry_waves
D:5:      layout_gridville

Action                   || total
-------------------------++-------
Melee: Hand axe          ||    11
Evoke: Wand              ||     1
  Use: Scroll            ||     2
       Potion            ||     1
Armor: Leather armour    ||     5
Dodge: Dodged            ||    12

Table legend: (Time is in decaauts)
 A = Elapsed time spent in this place.
 B = Non-inter-level travel time spent in this place.
 C = Inter-level travel time spent in this place.
 D = Time resting spent in this place.
 E = Time spent auto-exploring this place.
 F = Levels seen in this place.
 G = Mean time per level.
                   A        B        C        D        E       F      G
               +--------+--------+--------+--------+--------+-----+--------+
         Total |    244 |    244 |      0 |     60 |      7 |   2 |  122.0 |
       Dungeon |    244 |    244 |      0 |     60 |      7 |   2 |  122.0 |
               +--------+--------+--------+--------+--------+-----+--------+

Top non-repeatable levels by time:
     D:5: 236 daAuts
     D:4: 8 daAuts
